 Dungeon Crawl Stone Soup version 0.31.0-11-ge490571c62 (webtiles) character file.

Game seed: 10864888958237274452

99 qw the Shooter (level 4, -4/22 HPs)
             Began as a Spriggan Hunter on Feb 3, 2024.
             Killed by nerve-wracking pain
             ... invoked by an orc priest
              (14 damage)
             ... on level 3 of the Dungeon.
             The game lasted 00:00:05 (1433 turns).

qw the Shooter (Spriggan Hunter)                    Turns: 1433, Time: 00:00:06

Health: -4/22      AC:  2    Str:  7    XL:     4   Next: 45%
Magic:  5/5        EV: 20    Int: 10    God:
Gold:   72         SH:  0    Dex: 20    Spells: 3/3 levels left

rFire   . . .        a - +1 shortbow
rCold   . . .        (shield currently unavailable)
rNeg    . . .        c - +0 robe
rPois   .            (helmet restricted)
rElec   .            (no cloak)
rCorr   .            (gloves unavailable)
SInv    +            (boots unavailable)
Will    .....        (no amulet)
Stlth   ++           (no ring)
HPRegen 0.23/turn    (no ring)
MPRegen 0.09/turn

%: no passive effects
@: very quick
A: very small, no large weapons, unfitting armour, see invisible, speed 3
a: no special abilities


You were on level 3 of the Dungeon.
You visited 1 branch of the dungeon, and saw 3 of its levels.

You collected 72 gold pieces.


Innate Abilities, Weirdness & Mutations

You are very small and have problems with some larger weapons.
You are too small for most types of armour.
You have supernaturally acute eyesight. (SInv)
You cover ground extremely quickly. (Speed+++)


   Skills:
 + Level 1.5 Fighting
 - Level 5.0 Ranged Weapons
 - Level 5.0 Dodging
 - Level 1.5 Stealth


You had 3 spell levels left.
You didn't know any spells.
Your spell library was empty.

Inventory:

Hand Weapons
 a - a +1 shortbow (weapon)
Armour
 c - a +0 robe (worn)
Scrolls
 b - a scroll of torment {unknown}
 f - a scroll of teleportation
Potions
 d - a potion of curing
 e - a potion of might
 g - a potion of magic {unknown}
 i - a potion of heal wounds
 j - a potion of invisibility {unknown}

Dungeon Overview and Level Annotations

Branches:
Dungeon (3/15)

Altars:
The Shining One


Message History

You kill the goblin!
You now have 72 gold pieces (gained 15).
An orc comes into view. It is wielding a +0 trident.
You shoot an arrow. The arrow closely misses the orc.
The orc shouts!
You shoot an arrow. The arrow closely misses the orc.
You shoot an arrow. The arrow closely misses the orc.
You shoot an arrow. The arrow closely misses the orc.
You shoot an arrow. The arrow closely misses the orc.
The orc hits you but does no damage.
An orc comes into view. It is wielding a +0 whip.
You shoot an arrow. The orc shouts!
The arrow hits the orc!
You kill the orc!
You shoot an arrow. The arrow barely misses the orc.
An orc priest comes into view. It is wielding a +0 whip.
You shoot an arrow. The orc priest shouts!
The arrow hits the orc.
The orc is almost dead.
You shoot an arrow. The arrow hits the orc!
You kill the orc!
Your Dodging skill increases to level 5!
You shoot an arrow.
The arrow hits the orc priest but does no damage.
The orc priest begins to cast a cantrip, but forgets the words!
You shoot an arrow. The arrow barely misses the orc priest.
The orc priest calls down the wrath of Beogh upon you.
You struggle to resist.
You shoot an arrow. The arrow barely misses the orc priest.
The orc priest calls down the wrath of Beogh upon you.
Beogh smites you!
Ouch! That really hurt!
You shoot an arrow.
The arrow completely misses the orc priest.
The orc priest calls down the wrath of Beogh upon you.
Pain shoots through your body!
Ouch! That really hurt!
You die...

#.# #........... #.#
#.####......
#########.# #.#.###
#.......#.# ##...#
#.#####.#.# #....#
#.#.# #....# #.###
##.#.# #..>.#
#.....####....####...#
...o.).@...#....###.##
#..#######....#.# #.#
##.#.#.# #.#
###.#.#.###.#
......).....#
#######.##### #.# #.#
#.#


You could see an orc priest.

Vanquished Creatures
  Jessica (D:2)
  An adder (D:2)
  2 ribbon worms (D:2)
  2 dart slugs
  2 orcs (D:3)
  A bat (D:2)
  6 endoplasms
  5 giant cockroaches
  4 goblins
  7 hobgoblins
  3 jackals (D:1)
  3 kobolds (D:1)
  4 ball pythons (D:1)
  6 rats
47 creatures vanquished.

Notes
Turn   | Place    | Note
-------+----------+-------------------------------------------
     0 | D:1      | qw the Spriggan Hunter began the quest for the Orb.
     0 | D:1      | Reached XP level 1. HP: 10/10 MP: 2/2
     0 | D:1      | 0 ||| qw: Version: 0.3-a-157-g843a77d
     0 | D:1      | 0 ||| qw: Game counter: 3744
     0 | D:1      | 0 ||| qw: Melee chars always use a shield: true
     0 | D:1      | 0 ||| qw: God list: Okawaru
     0 | D:1      | 0 ||| qw: Allow faded altars: false
     0 | D:1      | 0 ||| qw: Do Orc after clearing Dungeon:15 true
     0 | D:1      | 0 ||| qw: Do second Lair branch before Depths: true
     0 | D:1      | 0 ||| qw: Lair rune preference: random
     0 | D:1      | 0 ||| qw: Goals: Normal
     0 | D:1      | 0 ||| PLANNING D:1-11
    16 | D:1      | Reached skill level 3 in Dodging
   202 | D:1      | Reached XP level 2. HP: 14/14 MP: 3/3
   577 | D:1      | 577 ||| READING scroll labelled EMNI SOGULI.
   577 | D:1      | 577 ||| ENCHANTING +0 shortbow.
   578 | D:1      | 578 ||| READING 2 scrolls labelled HIMUMO LOABUIL.
   579 | D:1      | 579 ||| READING scroll labelled IKKAED TYQE.
   579 | D:1      | 579 ||| IDENTIFYING scroll labelled CETSAU VEAN
   580 | D:1      | 580 ||| READING 2 scrolls labelled ROCAERO NUSA.
   681 | D:1      | 681 ||| READING scroll labelled QUAHOSS XORCH.
   682 | D:1      | 682 ||| READING scroll labelled NYATEQ KACITAS.
   783 | D:1      | 783 ||| DROPPING scroll of butterflies.
   784 | D:1      | 784 ||| DROPPING scroll of blinking.
   785 | D:1      | 785 ||| DROPPING scroll of vulnerability.
   786 | D:1      | 786 ||| DROPPING scroll of immolation.
   803 | D:2      | 803 ||| STAIRDANCE
   807 | D:1      | Reached XP level 3. HP: 18/18 MP: 4/4
   922 | D:2      | Found a glowing golden altar of the Shining One.
   980 | D:2      | Noticed Jessica
   985 | D:2      | Killed Jessica
   986 | D:2      | Reached XP level 4. HP: 22/22 MP: 5/5
  1211 | D:2      | 1211 ||| DROPPING ring of magical power.
  1212 | D:2      | 1212 ||| READING scroll of identify.
  1212 | D:2      | 1212 ||| IDENTIFYING puce potion
  1213 | D:2      | 1213 ||| READING 2 scrolls labelled LISUWOKAIPH.
  1216 | D:2      | 1216 ||| READING scroll labelled NEKLOR ESAK.
  1217 | D:2      | 1217 ||| DRINKING 2 dark potions.
  1218 | D:2      | 1218 ||| DRINKING 2 pink potions.
  1220 | D:2      | 1220 ||| Stepping ~*~*~tactically~*~*~ (cloud).
  1227 | D:2      | HP: 5/22 [poisoned by you (poison gas)]
  1433 | D:3      | Killed from afar by an orc priest

Levels and vault maps discovered:
D:1:      amcnicky_arrival_blooded_trapdoor, layout_loops_ring
D:2:      layout_rooms, basic_altar, uniq_jessica
D:3:      layout_loops_ring, minitemple, serial_shops,
          nicolae_shop_gaudy_bauble, uniq_robin

Skill      XL: |  1  2  3  4 |
---------------+-------------+-----
Dodging        | 3 4 5 |  5.0
Ranged Weapons | 5 |  5.0
Fighting       | |  1.5
Stealth        | |  1.5

Action                     |  1- 3 |  4- 6 || total
---------------------------+-------+-------++-------
   Fire: Shortbow          |   105 |    34 ||   139
    Use: Scroll            |     6 |     3 ||     9
         Potion            |       |     2 ||     2
 Armour: Robe              |     5 |     2 ||     7
  Dodge: Dodged            |    16 |     4 ||    20

Table legend:
 A = Non-vault XP
 B = Vault XP
 C = Vault XP percentage of total XP
 D = Non-vault monster count
 E = Vault monster count
 F = Vault count percentage of total count
                 A         B        C        D         E       F
            +---------+---------+-------+---------+---------+-------
      Total |     105 |      37 |  26.1 |      46 |       1 |   2.1
            +---------+---------+-------+---------+---------+-------
        D:1 |      41 |       0 |   0.0 |      23 |       0 |   0.0
        D:2 |      56 |      37 |  39.8 |      20 |       1 |   4.8
        D:3 |       8 |       0 |   0.0 |       3 |       0 |   0.0
            +---------+---------+-------+---------+---------+-------
